 Dungeon Crawl Stone Soup version 0.17.1-1-g73c8601 (webtiles) character file.

116 reganant000 the Chopper (level 4, -10/38 HPs)
             Began as a Minotaur Gladiator on Mar 20, 2016.
             Mangled by babuloseo's ghost (11 damage)
             ... on level 3 of the Dungeon.
             The game lasted 00:06:04 (1983 turns).

reganant000 the Chopper (Minotaur Gladiator)        Turns: 1983, Time: 00:06:05

Health: -10/38     AC:  9    Str: 19    XL:     4   Next: 69%
Magic:  3/3        EV:  8    Int:  5    God:
Gold:   139        SH:  0    Dex: 10    Spells: 0 memorised, 3 levels left

rFire  . . .     SeeInvis .     a - +0 war axe
rCold  . . .     Clarity  .     v - +0 chain mail
rNeg   . . .     SustAt   .     (no shield)
rPois  .         Gourm    .     c - +0 hat
rElec  .         Spirit   .     (no cloak)
rCorr  .         Warding  .     (no gloves)
rMut   .         Stasis   .     (no boots)
MR     .....                    (no amulet)
Stlth  ..........               (no ring)
                                o - -2 ring of strength (curse)

@: not resistant to hostile enchantments, extremely unstealthy
A: retaliatory headbutt, horns 2
a: no special abilities


You were on level 3 of the Dungeon.
You were not hungry.

You visited 1 branch of the dungeon, and saw 3 of its levels.

You collected 139 gold pieces.

Inventory:

Hand Weapons
 a - a +0 war axe (weapon)
Missiles
 d - 3 throwing nets (quivered)
Armour
 b - a +0 leather armour
 c - a +0 hat (worn)
 t - a +0 ring mail
 v - a +0 chain mail (worn)
Jewellery
 o - a cursed -2 ring of strength (left hand)
Scrolls
 h - a scroll of teleportation {unknown}
 j - a scroll of noise {unknown}
 l - 3 scrolls of identify {unknown}
 m - a scroll of immolation {unknown}
 n - 3 scrolls of amnesia {unknown}
 q - a scroll of enchant armour {unknown}
 r - a scroll of remove curse {unknown}
Potions
 i - 3 potions of curing {unknown}
 k - 2 potions of haste {unknown}
 p - a potion of heal wounds {unknown}
 u - a potion of ambrosia {unknown}
Comestibles
 e - 3 bread rations
 f - a slice of pizza
 g - 2 meat rations
 s - a royal jelly


   Skills:
 * Level 3.2 Fighting
 * Level 5.0 Axes
 - Level 2.0 Throwing
 * Level 2.9 Armour
 - Level 3.5 Dodging


You had 3 spell levels left.
You didn't know any spells.

Dungeon Overview and Level Annotations

Branches:
Dungeon (3/15)

Altars:

Annotations:
D:3 babuloseo's ghost, amateur DsGl


Innate Abilities, Weirdness & Mutations

You reflexively headbutt those who attack you in melee.
You have a pair of horns on your head.


Message History

Babuloseo's ghost hits you!
You closely miss babuloseo's ghost. Your headbutt misses babuloseo's ghost.
Babuloseo's ghost hits you but does no damage.
You closely miss babuloseo's ghost. Your headbutt misses babuloseo's ghost.
Babuloseo's ghost hits you.
You miss babuloseo's ghost. Babuloseo's ghost barely misses you.
Babuloseo's ghost hits you but does no damage.
You closely miss babuloseo's ghost. Babuloseo's ghost hits you.
You slash babuloseo's ghost!
Babuloseo's ghost is moderately damaged.
Babuloseo's ghost says, "First you will die, then you will suffer."
Babuloseo's ghost barely misses you.
Your chain mail prevents you from hitting babuloseo's ghost.
Babuloseo's ghost is moderately damaged.
Babuloseo's ghost barely misses you. Babuloseo's ghost hits you!
* * * LOW HITPOINT WARNING * * *
You slash babuloseo's ghost!
Babuloseo's ghost is heavily damaged.
Babuloseo's ghost hits you!
You die...

##################
#.................
#.................
..###.................
......................
..###.....[...........
#.)))†............
#..))[............ .#
#@<...............
...#W................
#...................
...#..................
... #..................
.......................
. ..##............. .
..#.............. .
##............. .


You could see babuloseo's ghost.

Vanquished Creatures
  An orc wizard (D:3)
  2 adders (D:3)
  A worm (D:2)
  3 giant geckos
  5 orcs (D:3)
  A ball python (D:3)
  3 bats
  6 goblins
  12 hobgoblins
  7 kobolds
  4 jackals (D:2)
  3 rats
48 creatures vanquished.

Notes
Turn   | Place    | Note
--------------------------------------------------------------
     0 | D:1      | reganant000 the Minotaur Gladiator began the quest for the Orb.
     0 | D:1      | Reached XP level 1. HP: 18/18 MP: 0/0
   359 | D:1      | Reached skill level 4 in Axes
   359 | D:1      | Reached XP level 2. HP: 23/25 MP: 1/1
   832 | D:1      | Reached skill level 1 in Armour
  1145 | D:2      | Reached XP level 3. HP: 13/30 MP: 2/2
  1840 | D:3      | Reached XP level 4. HP: 38/38 MP: 3/3
  1893 | D:3      | Reached skill level 5 in Axes
  1974 | D:3      | Noticed babuloseo's ghost (amateur DsGl)
  1982 | D:3      | HP: 1/38 [babuloseo's ghost (12)]
  1983 | D:3      | Mangled by babuloseo's ghost

Action                   |  1- 3 |  4- 6 || total
-------------------------+-------+-------++-------
Melee: War axe           |    70 |    27 ||    97
  Eat: Chunk             |     3 |       ||     3
